 Dungeon Crawl Stone Soup version 0.20-a0-950-g92a50c4 (console) character file.

169 pagos the Skirmisher (level 5, 0/49 HPs)
             Began as a Minotaur Monk on Apr 4, 2017.
             Slain by an orc wizard
             ... wielding a +0 dagger
              (2 damage)
             ... on level 3 of the Dungeon.
             The game lasted 00:03:50 (1624 turns).

pagos the Skirmisher (Minotaur Monk)                Turns: 1624, Time: 00:03:51

Health: 0/49       AC:  7    Str: 16    XL:     5   Next: 25%
Magic:  4/4        EV: 12    Int:  7    God:
Gold:   103        SH:  0    Dex: 13    Spells: 4/4 levels left

rFire    . . .     SeeInvis .   f - +0 whip
rCold    . . .     Gourm    .   (no shield)
rNeg     . . .     Faith    .   c - +0 scale mail
rPois    .         Spirit   .   (helmet restricted)
rElec    .         Reflect  .   (no cloak)
rCorr    .         Harm     .   (no gloves)
MR       +....                  (no boots)
Stlth    +.........             (no amulet)
Regen    0.2/turn               o - ring of protection from magic
MPRegen  0.1/turn               (no ring)

@: no status effects
A: retaliatory headbutt, horns 2
a: no special abilities


You were on level 3 of the Dungeon.
You were not hungry.

You visited 1 branch of the dungeon, and saw 3 of its levels.

You collected 103 gold pieces.

Inventory:

Hand Weapons
 f - a +0 whip (weapon)
Armour
 a - a +0 robe
 c - a +0 scale mail (worn)
Jewellery
 o - a ring of protection from magic (left hand)
Scrolls
 e - 3 scrolls of identify {unknown}
 h - a scroll of teleportation {unknown}
 j - a scroll of enchant weapon {unknown}
 l - a scroll of fog {unknown}
 n - a scroll of noise {unknown}
Potions
 g - a potion of flight {unknown}
 i - 2 potions of curing {unknown}
 k - a potion of brilliance {unknown}
 m - a potion of lignification {unknown}
Comestibles
 b - 2 bread rations
 d - a meat ration


   Skills:
 + Level 5.6 Fighting
 + Level 3.7 Armour
 + Level 5.5 Dodging
 - Level 3.2 Stealth


You had 4 spell levels left.
You didn't know any spells.

Dungeon Overview and Level Annotations

Branches:
Dungeon (3/15)

Altars:


Innate Abilities, Weirdness & Mutations

You reflexively headbutt those who attack you in melee.
You have a pair of horns on your head.


Message History

Your scale mail prevents you from hitting the gnoll.
You headbutt the gnoll.
The gnoll is severely wounded.
The orc wizard hits you but does no damage.
The orc hits you but does no damage.
The orc wizard hits you but does no damage.
The gnoll hits you with a halberd.
* * * LOW HITPOINT WARNING * * *
You hit the gnoll.
The gnoll is almost dead.
The orc wizard hits you but does no damage.
The orc closely misses you.
The orc wizard hits you but does no damage.
You hit the gnoll.
You kill the gnoll!
The orc wizard closely misses you. The orc hits you but does no damage.
You hit the orc wizard. Your headbutt misses the orc wizard.
The orc wizard is severely wounded.
The orc wizard hits you with a dagger.
You die...

##..)....##
#.........#
#^........#
#.........#
#.........#
#.........#
##.......##
#....o....#
#...[@)...#
#...[o....#
#.........#
#....[....#
##.(...>.##
##.....##
##.####
#.## #..###
##


You could see an orc wizard and an orc.

Vanquished Creatures
  A hound (D:2)
  4 adders (D:2)
  4 gnolls
  2 worms (D:2)
  A dart slug (D:2)
  3 orcs
  2 giant cockroaches (D:1)
  4 goblins
  7 hobgoblins
  5 jackals (D:2)
  4 kobolds
  3 bats
  10 frilled lizards
  10 rats
60 creatures vanquished.

Notes
Turn   | Place    | Note
-------+----------+-------------------------------------------
     0 | D:1      | pagos the Minotaur Monk began the quest for the Orb.
     0 | D:1      | Reached XP level 1. HP: 22/22 MP: 0/0
   164 | D:1      | Reached skill level 1 in Armour
   166 | D:1      | Reached XP level 2. HP: 26/28 MP: 1/1
   213 | D:1      | Reached skill level 5 in Fighting
   582 | D:2      | Reached XP level 3. HP: 30/36 MP: 2/2
   636 | D:2      | Found a faded altar of an unknown god.
   723 | D:2      | Reached skill level 5 in Dodging
   969 | D:2      | Reached XP level 4. HP: 41/42 MP: 3/3
  1375 | D:3      | Reached XP level 5. HP: 25/48 MP: 4/4
  1621 | D:3      | HP: 1/49 [gnoll/halberd (6)]
  1624 | D:3      | Slain by an orc wizard

Vault maps used:
D:1:      dpeg_arrival_pond
D:2:      minmay_door_path, chequers_ecumenical_altar_simple,
          minmay_close_crescents
D:3:      zin_treasury, first_bread, kennysheep_generic_room_13

Skill      XL: |  1  2  3  4 |
---------------+-------------+-----
Armour         | 1 2 3 |  3.7
Fighting       | 5 |  5.6
Dodging        | 5 |  5.5
Stealth        | |  3.2

Action                   |  1- 3 |  4- 6 || total
-------------------------+-------+-------++-------
Melee: Unarmed           |    30 |       ||    30
       Headbutt          |    16 |     9 ||    25
       Whip              |    67 |    58 ||   125
  Eat: Chunk             |       |     2 ||     2
Armor: Scale mail        |    45 |    39 ||    84
Dodge: Dodged            |    60 |    70 ||   130
